 Dungeon Crawl Stone Soup version 0.17-a0-1939-ga475588 (webtiles) character file.

588802 Ijustatesigmund the Slayer (level 27, -25/258 HPs)
             Began as a Hill Orc Fighter on Sept 26, 2015.
             Was the Champion of Okawaru.
             Killed from afar by an orb of fire (85 damage)
             ... with a fireball
             ... on level 4 of the Realm of Zot on Sept 29, 2015.
             The game lasted 05:10:55 (61540 turns).

Ijustatesigmund the Slayer (Hill Orc Fighter)      Turns: 61540, Time: 05:10:55

Health: -25/258    AC: 41    Str: 29    XL:     27
Magic:  0/38       EV: 26    Int: 13    God:    Okawaru [******]
Gold:   3540       SH: 24    Dex: 25    Spells: 4 memorised, 23 levels left

rFire  . . .     SeeInvis .     Q - +3 broad axe "Juuschui" {vamp, Int+5}
rCold  + . .     Clarity  .     F - +7 plate armour of Inference {MR++ Str+3}
rNeg   . . .     SustAt   .     I - +5 shield {reflect}
rPois  .         Gourm    .     w - +2 hat {Spirit}
rElec  +         Spirit   +     Z - +2 cloak {MR+}
rCorr  .         Warding  .     V - +2 pair of gloves {Dex+3}
rMut   .         Stasis   .     O - +2 pair of boots
MR     +++++                    n - amulet of faith
Stlth  ..........               Y - ring of Suunkeen {Wiz rElec Dex+3 Slay+2}
                                v - ring of Robogg {rC+ Str+3 Slay+2}

@: heroism, very slightly contaminated, studying Invocations, repel missiles,
almost entirely resistant to hostile enchantments, extremely unstealthy
A: no striking features
a: Heroism, Finesse, Renounce Religion
}: 3/15 runes: decaying, serpentine, silver


You were on level 4 of the Realm of Zot.
You worshipped Okawaru.
Okawaru was exalted by your worship.
You were not hungry.

You visited 10 branches of the dungeon, and saw 53 of its levels.
You visited 1 bazaar.
You also visited: Sewer, Ice Cave and Volcano.

You collected 8169 gold pieces.
You spent 4629 gold pieces at shops.

Inventory:

Hand weapons
 k - the +8 broad axe "Beetleslayer" {distort, +Rage}
   (You acquired it on level 3 of the Elven Halls)

   It warps and distorts space around it.
   Unwielding it can cause banishment or high damage.
   It lets you go berserk.
 Q - the +3 broad axe "Juuschui" (weapon) {vamp, Int+5}
   (You took it off a deep elf sorcerer on level 4 of the Vaults)

   It inflicts no extra harm, but heals its wielder somewhat when it strikes a
   living foe.
   It affects your intelligence (+5).
 R - a +5 broad axe of flaming
Armour
 w - a +2 hat of spirit shield (worn)
 F - the +7 plate armour of Inference (worn) {MR++ Str+3}
   (You found it on level 2 of the Realm of Zot)

   It affects your strength (+3).
   It affects your resistance to hostile enchantments.
 I - a +5 shield of reflection (worn)
 O - a +2 pair of boots (worn)
 V - a +2 pair of gloves of dexterity (worn)
 Z - a +2 cloak of magic resistance (worn)
Jewellery
 h - an uncursed amulet of resist mutation
 n - an amulet of faith (around neck)
 v - the ring of Robogg (left hand) {rC+ Str+3 Slay+2}
   (You bought it in a shop on level 3 of the Orcish Mines)

   [ring of strength]

   It affects your strength (+3).
   It affects your accuracy and damage with ranged weapons and melee attacks
   (+2).
   It protects you from cold.
 H - an uncursed amulet of clarity
 S - a ring of the Octopus King {AC+1 EV+1 Str+1 Int+1 Dex+1 SInv}
   (You found it on level 4 of the Vaults)

   [ring of see invisible]

   It affects your AC (+1).
   It affects your evasion (+1).
   It affects your strength (+1).
   It affects your intelligence (+1).
   It affects your dexterity (+1).
   It lets you see invisible.
 W - an uncursed ring of protection from fire
 Y - the ring of Suunkeen (right hand) {Wiz rElec Dex+3 Slay+2}
   (You found it on level 14 of the Dungeon)

   [ring of wizardry]

   It improves your spell success rate.
   It affects your dexterity (+3).
   It affects your accuracy and damage with ranged weapons and melee attacks
   (+2).
   It insulates you from electricity.
Magical devices
 c - a wand of heal wounds (9)
 i - a wand of teleportation (5)
 l - a wand of hasting (6)
 o - a wand of confusion (25)
 q - a wand of cold (6)
 r - a wand of fire (5)
 A - a wand of fireball (2)
 D - a wand of heal wounds (6)
 J - a wand of teleportation (4)
 P - a wand of lightning (11)
 T - a wand of digging (18)
 U - a wand of teleportation (6)
Scrolls
 j - 28 scrolls of remove curse
 u - 10 scrolls of fog
 y - 5 scrolls of recharging
 z - 4 scrolls of identify
 B - 14 scrolls of teleportation
 C - 9 scrolls of fear
 E - 7 scrolls of blinking
 G - 8 scrolls of magic mapping
 L - a scroll of silence
 X - a scroll of amnesia
Potions
 a - 6 potions of brilliance
 b - 3 potions of haste
 d - 13 potions of might
 m - 3 potions of berserk rage
 p - 17 potions of curing
 s - a potion of agility
 t - a potion of cancellation
 x - 5 potions of invisibility
 K - 7 potions of heal wounds
 M - a potion of flight
 N - 2 potions of resistance
Books
 g - a manual of Invocations
Comestibles
 e - 21 bread rations
 f - 13 meat rations


   Skills:
 + Level 23.3(27) Fighting
 + Level 23.0(27) Axes
 - Level 2.4(7.4) Throwing
 + Level 17.9(22.9) Armour
 - Level 14.3(19.3) Dodging
 + Level 17.3(22.3) Shields
 - Level 4.0 Spellcasting
 + Level 8.4 Charms
 - Level 3.1 Translocations
 + Level 8.2 Air Magic
 + Level 23.3 Invocations
 - Level 13.3 Evocations


You had 23 spell levels left.
You knew the following spells:

 Your Spells              Type           Power        Failure   Level  Hunger
a - Apportation           Tloc           ##........   9%          1    None
b - Swiftness             Chrm/Air       ###.....     1%          2    ##.....
c - Repel Missiles        Chrm/Air       ###...       1%          2    ##.....
d - Deflect Missiles      Chrm/Air       ###.......   98%         6    #######


Dungeon Overview and Level Annotations

Branches:
Dungeon (15/15)            Temple (1/1) D:4            Lair (8/8) D:10
  Swamp (4/4) Lair:5        Snake (4/4) Lair:4        Slime (0/6) Lair:8
    Orc (4/4) D:12            Elf (3/3) Orc:4        Vaults (5/5) D:14
  Crypt (0/3) Vaults:2     Depths (5/5) D:15            Zot (4/5) Depths:5

Altars:
Ashenzari
Cheibriados
Dithmenos
Fedhas
Gozag
Kikubaaqudgha
Makhleb
Nemelex Xobeh
Okawaru
Qazlal
Ru
Sif Muna
Trog
Vehumet
Xom
Yredelemnul
Zin
The Shining One
Lugonu

Shops:
D:4 ?   D:6 *   D:11 %   Orc:1 *   Orc:3 *%*(=   Orc:4 }***   Snake:3 (
Vaults:2 ?   Vaults:3 [   Vaults:5 ?

Portals:
Hell: Lair:8 Depths:1 Depths:2 Depths:3 Depths:4 Depths:5
Abyss: Depths:4
Pandemonium: Depths:2 Depths:3
Ziggurat: Depths:3

Annotations:
D:4 exclusion: oklob plant
D:14 exclusion: Roxanne, Roxanne
Depths:2 exclusions: ice statue and obsidian statue


Message History

The fireball engulfs the orb of fire.
The orb of fire completely resists.
You open the orb of fire like a pillowcase!!!
The orb of fire is heavily damaged.
The orb of fire glows deep purple.
The fireball explodes!
The fireball engulfs you!
The fireball engulfs the orb of fire.
The orb of fire completely resists.
You barely miss the orb of fire.
The orb of fire is heavily damaged.
The orb of fire glows deep purple.
The bolt of fire hits you!
* * * LOW HITPOINT WARNING * * *
You are too injured to fight recklessly!
Read which item? (? for menu, Esc to quit)
Blink to where?
Press: ? - help, Dir - move target cursor You are very lightly contaminated with residual magic.
As you read the scroll of blinking, it crumbles to dust.
The orb of fire glows deep purple.
The fireball explodes!
The fireball engulfs you!
You die...

#.≈# #≈..≈≈# # #.≈# #≈..≈≈# #
#.≈# #≈..≈≈# # #.≈#####≈..≈≈#
# #.≈≈≈≈≈≈≈..≈§# #
#.....!...§≈§######
#..........≈≈≈≈≈≈§§ #######
#..................
.......#####@##+#####+#####+#
.#####*§.....##.# #.# #.#
.#§§§#.#####.##.#####.#####.#
.#§§§#. #.......##.##.....
.#§§§#. ####.##.##^##.####
.#####. #.##..........)
....... #.......##'####
.%..... #########..^...
..?.... #......


You could see an orb of fire.

Vanquished Creatures
  An ancient lich (Vaults:5)
  Mara (Swamp:3)
  3 juggernauts
  Sojobo (Depths:2)
  Saint Roka (Vaults:3)
  A curse toe (Zot:3)
  7 golden dragons
  Nikola (Vaults:2)
  A lich (Depths:4)
  2 electric golems
  Jorgrun (Elf:3)
  Rupert (Lair:7)
  13 tentacled monstrosities
  Asterion (Elf:1)
  2 deep elf blademasters (Elf:3)
  A quicksilver dragon (Depths:4)
  2 deep elf master archers (Elf:3)
  A titan (Vaults:5)
  5 death cobs
  2 octopode crushers
  2 thorn hunters (Swamp:3)
  Frances (D:14)
  9 sphinxes
  Kirke (Elf:1)
  13 storm dragons
  8 tengu reavers
  7 draconian monks
  4 fire giants
  6 shadow dragons
  10 frost giants
  Donald (Elf:1)
  5 greater nagas (Snake:4)
  16 vault wardens
  9 deep elf sorcerers
  4 draconian knights
  A balrug (Depths:3)
  Aizul (Snake:3)
  Louise (Elf:1)
  6 draconian shifters
  3 draconian scorchers
  6 draconian zealots
  9 ironheart preservers
  17 stone giants
  4 war gargoyles (Depths:2)
  A draconian annihilator (Zot:2)
  A spriggan defender (Depths:3)
  22 very ugly things
  A draconian caller (Zot:4)
  A salamander firebrand (Depths:2)
  5 green draconians
  8 deep elf demonologists
  8 deep elf annihilators
  A dire elephant (shapeshifter) (Depths:2)
  7 white draconians
  8 black draconians
  2 dire elephants
  Azrael (Elf:1)
  6 mottled draconians
  2 salamander stormcallers
  3 purple draconians
  10 red draconians
  2 vampire knights
  3 yellow draconians
  Snorg (Orc:3)
  13 crystal guardians (Depths:2)
  9 ettins
  5 deep elf death magi
  A blizzard demon (Depths:2)
  A great orb of eyes (Vaults:1)
  17 fire dragons
  33 vault guards
  3 rakshasas
  Josephine (Snake:1)
  6 deep elf high priests
  A great orb of eyes (shapeshifter) (Vaults:5)
  The ghost of Pikaro the Spear-Bearer, a powerful DrBe of Trog (Lair:2)
  7 entropy weavers
  20 naga warriors
  15 yaktaur captains
  15 ice dragons
  12 hydras
  2 spriggan air magi
  3 ghost crabs
  12 anacondas
  A hydra (shapeshifter) (Depths:1)
  12 centaur warriors
  27 dancing weapons
  4 deep troll earth magi
  4 deep troll shamans
  A death yak (shapeshifter) (Depths:2)
  5 tengu warriors
  11 death yaks
  11 ogre magi
  13 alligators
  3 hell hogs (Depths:1)
  2 shock serpents (shapeshifter)
  7 shock serpents
  2 spriggan berserkers
  13 naga sharpshooters
  A titan zombie (Depths:3)
  23 deep elf knights
  An iron golem (Depths:2)
  A sun demon (Lair:8)
  2 salamander mystics
  2 fire crabs (shapeshifter)
  A hell knight (Vaults:5)
  A storm dragon skeleton (Depths:3)
  A shadow wraith (Vaults:4)
  6 naga ritualists
  19 deep trolls
  7 orc knights
  11 deep elf summoners
  7 spriggan druids
  3 flayed ghosts (Depths:4)
  10 giant orange brains
  9 hill giants
  5 unseen horrors
  4 ice statues
  7 swamp dragons
  A gelid demonspawn (Depths:3)
  A harpy (Vaults:4)
  15 deep elf conjurers
  6 large abominations
  2 lindwurms
  59 ugly things
  An anubis guard (shapeshifter) (Vaults:5)
  2 shambling mangroves
  A sphinx zombie (Vaults:2)
  20 ironbrand convokers
  8 phantasmal warriors
  A sixfirhy (Lair:8)
  7 necromancers
  An orc sorcerer (Elf:1)
  4 cyclopes
  4 griffons
  14 mana vipers
  4 wizards
  A fire giant zombie (Vaults:2)
  A cyclops (shapeshifter) (Depths:2)
  2 manticores
  19 moths of wrath
  4 wolf spiders
  2 hornets (shapeshifter)
  12 salamanders
  A faun (shapeshifter) (Depths:2)
  5 hornets
  49 black mambas
  6 elephants (Lair:3)
  A frost giant zombie (Vaults:2)
  An octopode (shapeshifter) (Vaults:4)
  A stone giant skeleton (Vaults:2)
  Maurice (D:9)
  A guardian serpent (shapeshifter) (Vaults:2)
  An iron dragon skeleton (Depths:3)
  5 orange demons (Lair:8)
  A salamander (shapeshifter) (Vaults:2)
  2 human skeletons (Vaults:2)
  A fire giant skeleton (Depths:1)
  23 naga magi
  A smoke demon (Depths:3)
  Psyche (D:9)
  A torpor snail (Lair:6)
  3 eyes of devastation (shapeshifter)
  20 vault sentinels
  3 molten gargoyles (Depths:2)
  24 spiny frogs
  3 guardian serpents
  4 yaktaur zombies
  6 gargoyles
  14 deep elf priests
  A hellwing (Lair:8)
  33 yaktaurs
  2 kobold demonologists (D:11)
  2 tengu conjurers
  4 fire drakes
  8 trolls
  A fire drake (shapeshifter) (Vaults:4)
  5 giant leeches
  3 blue devils (Lair:8)
  9 komodo dragons
  A jumping spider (Vaults:4)
  14 polar bears
  2 efreet (D:15)
  9 freezing wraiths
  3 red devils
  A queen bee (D:11)
  Grinder (D:4)
  A raiju (shapeshifter) (Vaults:2)
  4 raiju (Depths:2)
  13 blink frogs
  34 slime creatures
  7 boulder beetles
  A stone giant simulacrum (Vaults:2)
  21 two-headed ogres
  An iron dragon simulacrum (Depths:3)
  29 spriggans
  2 blink frogs (shapeshifter)
  7 bog bodies
  2 centaur simulacra (D:12)
  A spriggan (shapeshifter) (Vaults:2)
  An ice dragon zombie (Depths:1)
  19 redbacks
  6 shadows
  9 wraiths
  A trapdoor spider (shapeshifter) (Depths:4)
  8 small abominations
  3 trapdoor spiders
  9 water elementals
  37 deep elf magi
  2 tarantellas
  3 ettin skeletons
  39 deep elf fighters
  3 wyverns
  2 basilisks (shapeshifter) (Depths:2)
  8 air elementals
  48 yaks
  4 basilisks
  3 hogs (shapeshifter)
  11 hippogriffs
  4 fire elementals
  7 fire bats (Volcano)
  4 hogs (Elf:1)
  Grum (D:9)
  A chaos spawn (Depths:4)
  2 yaktaur simulacra
  A soldier ant (D:12)
  4 wargs
  40 wolves
  31 vampire mosquitoes
  A water moccasin (shapeshifter) (Depths:3)
  An entropy weaver simulacrum (Depths:1)
  16 water moccasins
  2 mottled dragons
  3 swamp worm simulacra (Swamp:4)
  49 nagas
  21 swamp worms
  7 insubstantial wisps
  3 hungry ghosts
  13 hell hounds
  12 hydra simulacra (Swamp:4)
  3 phantoms
  8 swamp drakes
  28 orc warriors
  16 wasps
  5 ice beasts
  8 porcupines
  An eye of draining (D:13)
  A swamp drake (shapeshifter) (Depths:2)
  An eye of draining (shapeshifter) (Depths:2)
  A black bear (shapeshifter) (Vaults:5)
  3 black bears
  A necrophage (D:7)
  14 crocodiles
  66 ogres
  3 boggarts (Vaults:3)
  27 centaurs
  A big kobold (D:11)
  Blork the orc (D:5)
  A wyvern zombie (D:14)
  A brain worm (D:13)
  11 earth elementals
  A glowing shapeshifter simulacrum (Vaults:2)
  A gnoll sergeant (D:10)
  25 giant frogs
  A wyvern skeleton (D:10)
  A scorpion (shapeshifter) (Depths:2)
  3 scorpions
  30 killer bees
  A human simulacrum (Vaults:2)
  7 wights
  2 electric eels
  3 giant frog zombies
  6 lava snakes (Volcano)
  5 crimson imps
  3 jellies
  9 centaur skeletons
  3 giant frog skeletons
  A hound (D:6)
  8 iguanas
  Crazy Yiuf (D:3)
  Ijyb (D:3)
  2 centaur zombies
  30 orc wizards
  3 wyvern simulacra (D:12)
  31 orc priests
  11 worker ants
  Terence (D:3)
  An iron imp (Depths:4)
  2 giant frog simulacra (D:12)
  36 sheep
  4 hound skeletons
  A worker ant zombie (D:10)
  8 adders
  12 gnolls
  53 river rats
  5 shadow imps
  5 white imps
  2 ufetubi (D:12)
  An ooze (D:4)
  5 swamp drake simulacra (Swamp:4)
  An adder zombie (D:6)
  2 adder skeletons
  A worm (D:2)
  A worm (shapeshifter) (Depths:2)
  6 giant geckos
  194 orcs
  2 ball pythons
  9 hobgoblins
  4 jackals (D:2)
  27 kobolds
  10 quokkas
  A ball python skeleton (D:4)
  15 bats
  A giant cockroach (D:2)
  6 giant newts
  12 goblins
  A goblin skeleton (D:6)
  2 goblin zombies (D:6)
  A hobgoblin zombie (D:6)
  2 kobold skeletons (D:6)
  A kobold zombie (D:6)
  An orc skeleton (D:6)
  5 rats
  6 briar patches (Swamp:3)
  13 crawling corpses
  A fire vortex (Vaults:5)
  9 fungi
  6 plants
  A spectral weapon (Elf:1)
2598 creatures vanquished.

Vanquished Creatures (collateral kills)
  An orc warrior (Elf:1)
1 creature vanquished.

Vanquished Creatures (others)
  A quicksilver dragon (shapeshifter) (Depths:2)
  A storm dragon (Depths:5)
  A draconian scorcher (Zot:3)
  A draconian knight (Zot:3)
  A fire giant (Depths:4)
  A stone giant (Depths:5)
  A draconian zealot (Zot:2)
  An anaconda (Snake:2)
  A deep elf knight (Elf:2)
  8 ball lightnings (Depths:2)
  A deep elf conjurer (Vaults:4)
  A vault sentinel (Vaults:3)
  A deep elf mage (Elf:3)
  2 humans (Elf:1)
  A vampire mosquito (Swamp:3)
  A water elemental (Depths:2)
  A yak (IceCv)
  2 fire elementals
  4 deep elf fighters
  A wasp (shapeshifter) (Depths:2)
  An ogre (Vaults:4)
  A river rat (Lair:2)
  An orc (Vaults:5)
  A briar patch (Swamp:3)
  5 fungi
  7 plants
48 creatures vanquished.

Grand Total: 2647 creatures vanquished

Notes
Turn   | Place    | Note
--------------------------------------------------------------
     0 | D:1      | Ijustatesigmund the Hill Orc Fighter began the quest for the Orb.
     0 | D:1      | Reached XP level 1. HP: 19/19 MP: 1/1
   139 | D:1      | Reached XP level 2. HP: 14/27 MP: 2/2
   438 | D:1      | Reached skill level 4 in Fighting
   567 | D:2      | Reached XP level 3. HP: 33/33 MP: 3/3
  1147 | D:3      | Reached XP level 4. HP: 39/41 MP: 4/4
  1321 | D:3      | Noticed Ijyb
  1322 | D:3      | Found a sparkling altar of Nemelex Xobeh.
  1322 | D:3      | Noticed Terence
  1337 | D:3      | Killed Terence
  1337 | D:3      | Reached XP level 5. HP: 45/47 MP: 5/5
  1341 | D:3      | Killed Ijyb
  1341 | D:3      | Reached skill level 5 in Fighting
  1341 | D:3      | Reached skill level 5 in Axes
  1433 | D:3      | Noticed Crazy Yiuf
  1442 | D:3      | Killed Crazy Yiuf
  1442 | D:3      | Reached XP level 6. HP: 47/56 MP: 6/6
  1537 | D:3      | Found a shattered altar of Ashenzari.
  1553 | D:3      | Found a bloodstained altar of Trog.
  1657 | D:3      | Found a burning altar of Makhleb.
  1730 | D:3      | Found a deep blue altar of Sif Muna.
  1787 | D:4      | Reached skill level 6 in Axes
  1852 | D:4      | Found a glowing drain.
  1861 | Sewer    | Entered a sewer
  2080 | D:4      | Reached skill level 7 in Axes
  2080 | D:4      | Reached XP level 7. HP: 31/62 MP: 7/7
  2287 | D:4      | Found Ikku's Magic Scroll Shop.
  2332 | D:4      | Bought a scroll of identify for 22 gold pieces
  2332 | D:4      | Bought a scroll of identify for 22 gold pieces
  2332 | D:4      | Bought a scroll of blinking for 82 gold pieces
  2332 | D:4      | Bought a scroll of teleportation for 33 gold pieces
  2332 | D:4      | Bought a scroll of teleportation for 33 gold pieces
  2332 | D:4      | Bought a scroll of fear for 38 gold pieces
  2415 | D:4      | Found a staircase to the Ecumenical Temple.
  2421 | Temple   | Entered the Ecumenical Temple
  2442 | Temple   | Became a worshipper of Warmaster Okawaru
  2575 | D:4      | Noticed Grinder
  2588 | D:4      | Killed Grinder
  2588 | D:4      | Acquired Okawaru's first power
  2588 | D:4      | Reached skill level 8 in Axes
  2702 | D:4      | Found a blossoming altar of Fedhas.
  2882 | D:4      | Noticed an oklob plant
  2975 | D:4      | Found a radiant altar of Vehumet.
  3367 | D:4      | Bought a scroll of identify for 22 gold pieces
  3367 | D:4      | Bought a scroll of identify for 22 gold pieces
  3408 | D:5      | Entered Level 5 of the Dungeon
  3417 | D:5      | Found an ancient bone altar of Kikubaaqudgha.
  3428 | D:5      | Reached skill level 9 in Axes
  3428 | D:5      | Reached XP level 8. HP: 67/71 MP: 8/8
  3478 | D:5      | Noticed Blork the orc
  3487 | D:5      | Killed Blork the orc
  3487 | D:5      | Reached skill level 1 in Invocations
  3559 | D:5      | Found a stormy altar of Qazlal.
  4138 | D:5      | Found a shimmering altar of Xom.
  4517 | D:6      | Reached skill level 5 in Invocations
  5262 | D:6      | Found Vyuse's Assorted Antiques.
  5339 | D:6      | Found a glowing golden altar of the Shining One.
  5851 | D:7      | Reached skill level 10 in Axes
  5851 | D:7      | Reached XP level 9. HP: 65/80 MP: 10/13
  6155 | D:7      | Reached skill level 11 in Axes
  6885 | D:8      | Gained mutation: You have a pair of small horns on your head. [potion of beneficial mutation]
  7025 | D:8      | Reached skill level 12 in Axes
  7029 | D:8      | Found a basalt altar of Yredelemnul.
  7044 | D:8      | Reached skill level 1 in Dodging
  7170 | D:8      | Identified a scroll of acquirement
  7173 | D:8      | Got a pair of twisted boots
  7184 | D:8      | Identified the +0 pair of boots of the Wumpus {*Corrode +Fly Int+9} (You acquired it on level 8 of the Dungeon)
  7274 | D:8      | Reached XP level 10. HP: 77/91 MP: 14/16
  7414 | D:8      | Noticed a cyclops
  7423 | D:8      | Killed a cyclops
  7423 | D:8      | Received a gift from Okawaru
  7433 | D:8      | Noticed a brown ugly thing
  7449 | D:8      | Killed a brown ugly thing
  7449 | D:8      | Acquired Okawaru's second power
  7449 | D:8      | Received a gift from Okawaru
  7449 | D:8      | Reached skill level 13 in Axes
  7785 | D:9      | Noticed Grum
  7801 | D:9      | Killed Grum
  8113 | D:9      | Found a sacrificial altar of Ru.
  8150 | D:9      | Noticed Maurice
  8155 | D:9      | Killed Maurice
  8307 | D:9      | Noticed Psyche
  8315 | D:9      | Killed Psyche
  8315 | D:9      | Reached skill level 10 in Fighting
  8528 | D:10     | Entered Level 10 of the Dungeon
  8541 | D:10     | Reached XP level 11. HP: 90/99 MP: 18/18
  8600 | D:10     | Reached skill level 14 in Axes
  8803 | D:10     | Found an iron altar of Okawaru.
  8938 | D:10     | Found a staircase to the Lair.
  8943 | Lair:1   | Entered Level 1 of the Lair of Beasts
  9057 | Lair:1   | Received a gift from Okawaru
  9058 | Lair:1   | Reached skill level 10 in Invocations
  9072 | Lair:1   | Got a brightly glowing battleaxe {god gift}
  9085 | Lair:1   | Identified the +0 battleaxe of the Saviour {chop, rF+ Int+3} (Okawaru gifted it to you on level 1 of the Lair of Beasts)
  9346 | Lair:1   | Reached skill level 15 in Axes
  9545 | Lair:2   | Received a gift from Okawaru
  9548 | Lair:2   | Got a pitted buckler {god gift}
  9559 | Lair:2   | Identified the +2 buckler of Kefi Garph {Dex+2} (Okawaru gifted it to you on level 2 of the Lair of Beasts)
 10038 | Lair:2   | Reached skill level 5 in Armour
 10333 | Lair:2   | Reached XP level 12. HP: 90/108 MP: 11/20
 10759 | Lair:2   | Noticed Pikaro's ghost (powerful DrBe)
 10794 | Lair:2   | Killed Pikaro's ghost
 11239 | Lair:3   | Received a gift from Okawaru
 11351 | Lair:3   | Reached skill level 10 in Armour
 11761 | Lair:4   | Reached skill level 5 in Shields
 11886 | Lair:4   | Noticed a six-headed hydra
 11894 | Lair:4   | Killed a two-headed hydra
 11936 | Lair:4   | Reached XP level 13. HP: 112/115 MP: 22/22
 11960 | Lair:4   | Found a staircase to the Snake Pit.
 12011 | Lair:4   | Noticed a four-headed hydra
 12019 | Lair:4   | Killed a one-headed hydra
 12025 | Lair:4   | Noticed a seven-headed hydra
 12028 | Lair:4   | Received a gift from Okawaru
 12035 | Lair:4   | Killed a three-headed hydra
 12038 | Lair:4   | Got a transparent long sword {god gift}
 12039 | Lair:4   | Identified the +8 long sword of Law {flame, rF+ Str+3} (Okawaru gifted it to you on level 4 of the Lair of Beasts)
 12692 | Lair:5   | Found a staircase to the Swamp.
 12775 | Lair:5   | Received a gift from Okawaru
 14087 | Lair:7   | Noticed Rupert
 14111 | Lair:7   | Killed Rupert
 14111 | Lair:7   | Received a gift from Okawaru
 14122 | Lair:7   | Got a scorched cloak {god gift}
 14138 | Lair:7   | Identified the -2 cloak of Responsibility {Int+3} (Okawaru gifted it to you on level 7 of the Lair of Beasts)
 14516 | Lair:7   | Reached XP level 14. HP: 66/124 MP: 11/23
 14781 | Lair:8   | Entered Level 8 of the Lair of Beasts
 14868 | Lair:8   | Reached skill level 16 in Axes
 14929 | Lair:8   | Found a staircase to the Slime Pits.
 15326 | Lair:8   | Found a burning altar of Makhleb.
 15356 | Lair:8   | Reached skill level 15 in Armour
 15373 | Lair:8   | Found a gateway to Hell.
 15396 | Lair:8   | Received a gift from Okawaru
 15403 | Lair:8   | Got a brightly glowing broad axe {god gift}
 15404 | Lair:8   | Identified the +3 broad axe of Plunder {elec, rF- Str+7 Int-2 SInv} (Okawaru gifted it to you on level 8 of the Lair of Beasts)
 15699 | Lair:8   | Reached skill level 1 in Evocations
 17072 | D:11     | Found Otyogiecs's Food Shoppe.
 17318 | D:11     | Reached skill level 5 in Evocations
 17328 | D:11     | Received a gift from Okawaru
 17331 | D:11     | Got a pitted buckler {god gift}
 17342 | D:11     | Identified the +0 buckler of Okawaru's Regard {MR+} (Okawaru gifted it to you on level 11 of the Dungeon)
 17662 | D:12     | Reached XP level 15. HP: 98/132 MP: 23/25
 17811 | D:12     | Found a staircase to the Orcish Mines.
 17823 | Orc:1    | Entered Level 1 of the Orcish Mines
 19173 | D:13     | Upgraded the game from 0.17-a0-1914-gde4187c to 0.17-a0-1923-gc35365e
 19272 | D:14     | Found an opulent altar of Gozag.
 19504 | D:14     | Reached XP level 16. HP: 141/143 MP: 26/26
 19535 | D:14     | Got a bound steel ring
 19537 | D:14     | Identified the ring of Heemusor {rC+ Str+4} (You found it on level 14 of the Dungeon)
 19550 | D:14     | Received a gift from Okawaru
 19572 | D:14     | Noticed Roxanne
 19652 | D:14     | Got a slimy tin ring
 19718 | D:14     | Found a gate to the Vaults.
 19723 | D:14     | Reached skill level 17 in Axes
 20037 | D:14     | Noticed Frances
 20049 | D:14     | Killed Frances
 20049 | D:14     | Received a gift from Okawaru
 20077 | D:14     | Identified the ring of Suunkeen {Wiz rElec Dex+3 Slay+2} (You found it on level 14 of the Dungeon)
 20166 | D:15     | Entered Level 15 of the Dungeon
 20224 | D:15     | Found a frozen archway.
 20438 | IceCv    | Entered an ice cave
 20665 | IceCv    | Got a slimy plate armour
 20677 | IceCv    | Identified the +6 plate armour of Nutarog {Str+2} (You found it in an ice cave)
 21172 | IceCv    | Reached skill level 18 in Axes
 21534 | Lair:1   | Learned a level 1 spell: Apportation
 22127 | Orc:1    | Found Moheoduf's General Store.
 22133 | Orc:1    | Bought a scroll of enchant armour for 90 gold pieces
 22133 | Orc:1    | Bought a potion of agility for 48 gold pieces
 22984 | Orc:3    | Found a dark tunnel.
 23172 | Volcano  | Entered a volcano
 23200 | Volcano  | Reached XP level 17. HP: 147/154 MP: 28/28
 23311 | Volcano  | Reached skill level 15 in Invocations
 23338 | Volcano  | Found a radiant altar of Vehumet.
 23390 | Volcano  | Found a burning altar of Makhleb.
 23458 | Orc:3    | Found Ebrar's Food Emporium.
 23461 | Orc:3    | Found Bewnacso's General Store.
 23474 | Orc:3    | Found Wide's Antique Weapon Shoppe.
 23474 | Orc:3    | Found Ubimej's Jewellery Boutique.
 23484 | Orc:3    | Bought the ring of Robogg {rC+ Str+3 Slay+2} for 533 gold pieces
 23520 | Orc:3    | Found Cituarass's Assorted Antiques.
 23529 | Orc:3    | Bought a knobbly gilded ring for 180 gold pieces
 23529 | Orc:3    | Bought a potion of heal wounds for 180 gold pieces
 23890 | Orc:3    | Noticed Snorg
 23899 | Orc:3    | Killed Snorg
 24178 | Orc:4    | Entered Level 4 of the Orcish Mines
 24435 | Orc:4    | Found Xufriq Naef's Gadget Boutique.
 24435 | Orc:4    | Found Imetob Seash's General Store.
 24436 | Orc:4    | Reached skill level 15 in Fighting
 24445 | Orc:4    | Found Xyburch's Assorted Antiques.
 24445 | Orc:4    | Found Iji Fojaa's General Store.
 24512 | Orc:4    | Bought a scroll of acquirement for 728 gold pieces
 24714 | Orc:4    | Found a staircase to the Elven Halls.
 24979 | D:11     | Received a gift from Okawaru
 24982 | D:11     | Got a steaming hand axe {god gift}
 24983 | D:11     | Identified the +6 hand axe "Bizal" {antimagic, Str+5} (Okawaru gifted it to you on level 11 of the Dungeon)
 25121 | Snake:1  | Entered Level 1 of the Snake Pit
 25408 | Snake:1  | Noticed Josephine
 25420 | Snake:1  | Killed Josephine
 25619 | Snake:1  | Reached skill level 19 in Axes
 26048 | Snake:1  | Reached skill level 5 in Dodging
 26208 | Snake:2  | Received a gift from Okawaru
 26300 | Snake:2  | Received a gift from Okawaru
 26751 | Snake:2  | Received a gift from Okawaru
 27553 | Snake:3  | Reached XP level 18. HP: 164/166 MP: 30/30
 27688 | Snake:3  | Received a gift from Okawaru
 28038 | Snake:3  | Received a gift from Okawaru
 28041 | Snake:3  | Got a smoking buckler {god gift}
 28052 | Snake:3  | Identified the +0 buckler "Kaqesh" {+Blink rElec rF- Str+3} (Okawaru gifted it to you on level 3 of the Snake Pit)
 28075 | Snake:3  | Noticed Aizul
 28089 | Snake:3  | Killed Aizul
 28401 | Snake:3  | Reached skill level 1 in Throwing
 28666 | Snake:3  | Found Bepewe's Weapon Boutique.
 28838 | Snake:4  | Entered Level 4 of the Snake Pit
 29005 | Snake:4  | Reached skill level 10 in Shields
 29663 | Snake:4  | Received a gift from Okawaru
 29707 | Snake:4  | Received a gift from Okawaru
 29800 | Snake:4  | Got a pitted hand axe {god gift}
 30132 | Snake:4  | Got a serpentine rune of Zot
 30219 | Snake:4  | Reached XP level 19. HP: 165/177 MP: 29/31
 30475 | Snake:4  | Identified the +1 hand axe of Joyful Slaughter {vamp, +Rage Dex-5 SInv} (Okawaru gifted it to you on level 4 of the Snake Pit)
 30959 | Vaults:1 | Entered Level 1 of the Vaults
 31346 | Vaults:1 | Got an ancient war axe
 31347 | Vaults:1 | Identified the +1 war axe of Comy {chop, rPois Str+3 Int-2} (You found it on level 1 of the Vaults)
 31370 | Vaults:1 | Reached skill level 10 in Evocations
 31846 | Vaults:1 | Received a gift from Okawaru
 32728 | Vaults:2 | Received a gift from Okawaru
 33097 | Vaults:2 | Found Ubbusk's Magic Scroll Boutique.
 33102 | Vaults:2 | Bought a scroll of identify for 32 gold pieces
 33102 | Vaults:2 | Bought a scroll of identify for 32 gold pieces
 33177 | Vaults:2 | Noticed Nikola
 33192 | Vaults:2 | Killed Nikola
 33265 | Vaults:2 | Found a staircase to the Crypt.
 33265 | Vaults:2 | Found an ancient bone altar of Kikubaaqudgha.
 33266 | Vaults:2 | Found a basalt altar of Yredelemnul.
 33806 | Vaults:2 | Received a gift from Okawaru
 33988 | Vaults:2 | Reached XP level 20. HP: 68/184 MP: 17/33
 35296 | Vaults:3 | Received a gift from Okawaru
 35538 | Vaults:3 | Found Nawoiluz's Antique Armour Shoppe.
 35545 | Vaults:3 | Bought a bronze plate armour for 980 gold pieces
 35615 | Vaults:3 | Noticed Saint Roka
 35636 | Vaults:3 | Killed Saint Roka
 35893 | Vaults:3 | Received a gift from Okawaru
 36301 | Vaults:4 | Received a gift from Okawaru
 36568 | Vaults:3 | Identified the cursed +0 plate armour of Emosije {rPois rN+} (You bought it in a shop on level 3 of the Vaults)
 36862 | Vaults:4 | Received a gift from Okawaru
 37115 | Vaults:4 | Reached skill level 10 in Dodging
 37404 | Vaults:4 | Got a ring of the Octopus King
 37405 | Vaults:4 | Identified a ring of the Octopus King {AC+1 EV+1 Str+1 Int+1 Dex+1 SInv} (You found it on level 4 of the Vaults)
 37444 | Vaults:4 | Reached XP level 21. HP: 191/191 MP: 34/34
 37908 | D:15     | Found a staircase to the Depths.
 38082 | D:15     | Found an iron altar of Okawaru.
 38222 | D:15     | Found a runed door.
 38581 | Depths:1 | Entered Level 1 of the Depths
 38691 | Depths:1 | Received a gift from Okawaru
 38850 | Depths:1 | Reached skill level 20 in Invocations
 38892 | Depths:1 | Found a burning altar of Makhleb.
 39415 | Depths:1 | Upgraded the game from 0.17-a0-1923-gc35365e to 0.17-a0-1939-ga475588
 39641 | Depths:3 | Received a gift from Okawaru
 39689 | Depths:3 | Found a one-way gate leading to the halls of Pandemonium.
 39699 | Depths:3 | Received a gift from Okawaru
 39766 | Depths:3 | Found a flickering gateway to a bazaar.
 39775 | Bazaar   | Entered a bazaar
 39775 | Bazaar   | Found Ifrebrux's Assorted Antiques.
 39789 | Bazaar   | Found Siaqyila's Weapon Emporium.
 39798 | Bazaar   | Found Feliz's Book Boutique.
 39829 | Bazaar   | Found Ymasal's Antique Armour Shoppe.
 39833 | Bazaar   | Found Foecah's Assorted Antiques.
 39841 | Bazaar   | Bought a runed cloak for 162 gold pieces
 39860 | Bazaar   | Bought a slimy scale mail for 216 gold pieces
 39860 | Bazaar   | Bought a translucent plate armour for 672 gold pieces
 39872 | Bazaar   | Identified the +1 scale mail of Onot Bue {rElec rPois rC- Dex+2} (You bought it in a shop in a bazaar)
 39882 | Bazaar   | Identified the +2 plate armour of Dydoi {MR+++ rCorr} (You bought it in a shop in a bazaar)
 39892 | Bazaar   | Bought a scroll of blinking for 210 gold pieces
 39892 | Bazaar   | Bought a triangular platinum amulet for 140 gold pieces
 40024 | Depths:3 | Received a gift from Okawaru
 40176 | Depths:3 | Found a gateway to a ziggurat.
 40180 | Depths:3 | Noticed Sojobo
 40261 | Depths:2 | Killed Sojobo
 40515 | Depths:3 | Reached XP level 22. HP: 202/202 MP: 36/36
 40540 | Depths:3 | Received a gift from Okawaru
 41147 | Depths:3 | Received a gift from Okawaru
 41207 | Depths:3 | Received a gift from Okawaru
 41210 | Depths:3 | Got a smoking ring mail {god gift}
 41300 | Depths:3 | Identified the +0 ring mail of the Thistle {rN+ rCorr Int+3 Dex+4} (Okawaru gifted it to you on level 3 of the Depths)
 42804 | Depths:2 | Identified Sif Muna's Incunabulum of the Oath
 43389 | Depths:4 | Noticed a juggernaut
 43404 | Depths:4 | Noticed a juggernaut
 43418 | Depths:4 | Killed a juggernaut
 43418 | Depths:4 | Reached XP level 23. HP: 97/217 MP: 8/37
 43455 | Depths:4 | Killed a juggernaut
 44135 | Depths:4 | Gained mutation: You occasionally shout uncontrollably at your foes. [a shining eye]
 44347 | Depths:4 | Found a one-way gate to the infinite horrors of the Abyss.
 44355 | Depths:4 | Received a gift from Okawaru
 44837 | D:10     | Lost mutation: You occasionally shout uncontrollably at your foes. [potion of cure mutation]
 44837 | D:10     | Lost mutation: You have a pair of small horns on your head. [potion of cure mutation]
 44947 | Swamp:1  | Entered Level 1 of the Swamp
 44947 | Swamp:1  | Found a shimmering altar of Xom.
 45169 | Swamp:1  | Reached skill level 21 in Fighting
 46076 | Swamp:2  | Received a gift from Okawaru
 46379 | Swamp:3  | Noticed Mara
 46403 | Swamp:3  | Killed Mara
 46413 | Swamp:3  | Noticed Ijustatesigmund's illusion
 46419 | Swamp:3  | Killed Mara
 47327 | Swamp:4  | Entered Level 4 of the Swamp
 48196 | Swamp:4  | Got a decaying rune of Zot
 48565 | Lair:1   | Learned a level 2 spell: Swiftness
 48570 | Lair:1   | Learned a level 2 spell: Repel Missiles
 48786 | Vaults:2 | Reached skill level 1 in Translocations
 48796 | Vaults:2 | Reached skill level 1 in Air Magic
 48983 | Vaults:5 | Entered Level 5 of the Vaults
 48990 | Vaults:5 | Received a gift from Okawaru
 48991 | Vaults:5 | Got a spiked scale mail {god gift}
 48994 | Vaults:5 | Reached XP level 24. HP: 231/231 MP: 31/37
 48997 | Vaults:5 | Reached skill level 1 in Charms
 49618 | Vaults:5 | Reached skill level 5 in Air Magic
 49791 | Vaults:5 | Received a gift from Okawaru
 49791 | Vaults:5 | Reached skill level 5 in Charms
 49794 | Vaults:5 | Got a fine hand axe {god gift}
 49795 | Vaults:5 | Identified the +9 hand axe of Generosity {drain, Dex+6} (Okawaru gifted it to you on level 5 of the Vaults)
 49807 | Vaults:5 | Identified the +11 scale mail of the Beggar {rN+ Int+3} (Okawaru gifted it to you on level 5 of the Vaults)
 50232 | Vaults:5 | Received a gift from Okawaru
 50256 | Vaults:5 | Got a pitted hat {god gift}
 50269 | Vaults:5 | Identified the +1 hat of Life {-Tele Dex+2 SInv} (Okawaru gifted it to you on level 5 of the Vaults)
 50569 | Vaults:5 | Noticed an ancient lich
 50595 | Vaults:5 | Killed an ancient lich
 50890 | Vaults:4 | Got a crude broad axe {vamp}
 50894 | Vaults:4 | Identified the +3 broad axe "Juuschui" {vamp, Int+5} (You took it off a deep elf sorcerer on level 4 of the Vaults)
 51148 | Vaults:5 | Got a silver rune of Zot
 51391 | Vaults:5 | Found Keniofri's Magic Scroll Shop.
 51402 | Vaults:5 | Bought a scroll of identify for 38 gold pieces
 51402 | Vaults:5 | Bought a scroll of identify for 38 gold pieces
 51402 | Vaults:5 | Bought a scroll of identify for 38 gold pieces
 51402 | Vaults:5 | Bought a scroll of identify for 38 gold pieces
 51649 | Vaults:1 | Reached skill level 1 in Spellcasting
 52073 | Elf:1    | Entered Level 1 of the Elven Halls
 52330 | Elf:1    | Noticed Kirke
 52335 | Elf:1    | Reached XP level 25. HP: 237/237 MP: 37/37
 52337 | Elf:1    | Received a gift from Okawaru
 52342 | Elf:1    | Killed Kirke
 52657 | Elf:1    | Noticed Asterion
 52689 | Elf:1    | Killed Asterion
 52943 | Elf:1    | Noticed Louise
 52953 | Elf:1    | Killed Louise
 53248 | Elf:1    | Noticed Donald
 53262 | Elf:1    | Killed Donald
 53442 | Elf:2    | Noticed Azrael
 53459 | Elf:1    | Killed Azrael
 53862 | Elf:2    | Found a runed gate.
 53862 | Elf:2    | Found a runed gate.
 53862 | Elf:2    | Found a runed gate.
 54420 | Elf:3    | Entered Level 3 of the Elven Halls
 54656 | Elf:3    | Got a translucent plate armour
 54670 | Elf:2    | Identified the +8 plate armour "Unirur" {Int+3 Dex+2 Stlth+} (You found it on level 3 of the Elven Halls)
 54867 | Elf:3    | Noticed Jorgrun
 54878 | Elf:3    | Killed Jorgrun
 54986 | Elf:3    | Received a gift from Okawaru
 55028 | Elf:3    | Reached skill level 15 in Shields
 55078 | Elf:3    | Received a gift from Okawaru
 55221 | Elf:3    | Got a smoking broad axe
 55222 | Elf:3    | Identified the +8 broad axe "Beetleslayer" {distort, +Rage} (You acquired it on level 3 of the Elven Halls)
 55338 | Elf:3    | Got a shimmering helmet
 55349 | Elf:3    | Identified the +1 helmet "Keole Gaitz" {rN+ Str+4} (You found it on level 3 of the Elven Halls)
 55675 | Elf:3    | Reached skill level 22 in Invocations
 56379 | Depths:5 | Entered Level 5 of the Depths
 56462 | Depths:5 | Found a gate to the Realm of Zot.
 56490 | Depths:5 | Noticed a juggernaut
 56528 | Depths:5 | Killed a juggernaut
 56528 | Depths:5 | Reached XP level 26. HP: 103/246 MP: 14/38
 57694 | Zot:1    | Entered Level 1 of the Realm of Zot
 57869 | Zot:1    | Received a gift from Okawaru
 58974 | Zot:2    | Found a burning altar of Makhleb.
 59115 | Zot:2    | Received a gift from Okawaru
 59210 | Zot:2    | Identified the Papyrus of Fire and Brimstone
 59219 | Zot:2    | Identified the Catalogue of the Zealot
 59227 | Zot:2    | Learned a level 6 spell: Deflect Missiles
 59527 | Zot:2    | Got a brightly glowing plate armour
 59574 | Zot:2    | Identified the +7 plate armour of Inference {MR++ Str+3} (You found it on level 2 of the Realm of Zot)
 59848 | Zot:3    | Reached XP level 27. HP: 256/256 MP: 37/38
 59875 | Zot:3    | Reached skill level 23 in Fighting
 59983 | Zot:3    | Received a gift from Okawaru
 60792 | Zot:3    | Received a gift from Okawaru
 60796 | Zot:3    | Got an ichor-stained cloak {god gift}
 60807 | Zot:3    | Identified the +1 cloak of Sin {Str+4} (Okawaru gifted it to you on level 3 of the Realm of Zot)
 61527 | Zot:4    | Noticed an orb of fire
 61540 | Zot:4    | Killed from afar by an orb of fire

Vault maps used:
D:1:      dpeg_arrival_simpleton_b
D:2:      first_bread
D:3:      lightli_temple_of_fire, nicolae_overflow_hidden_temple,
          old_standard_altar, minitemple, uniq_iyjb, uniq_terence,
          uniq_crazy_yiuf_cottage
D:4:      lemuel_round_altar, tgw_fedhas, temple_green,
          lightli_sewer_entry_pipes, kennysheep_windowed_goal, uniq_grinder
D:5:      corexii_shack_village, kennysheep_mini, kennysheep_mini_moat,
          overflow_temple_1_default, uniq_blork_the_orc
D:6:      nicolae_tso_besieged_by_evil, serial_shops,
          nicolae_shop_competitors_out_of_business, corexii_shack
D:7:      the_bakery
D:8:      lemuel_crystal_altar, hangedman_minor_gate_pass
D:9:      nicolae_ru_sacrificial_ziggurat, uniq_psyche, uniq_grum, uniq_maurice
D:10:     lair_0_dummy, okawaru_metal_pillars_1_2
D:11:     special_room, serial_shops, shop, hangedman_decor_slide_cut
D:12:     hiddenorc1_lemuel, serial_ice, serial_ice_b, serial_ice_d,
          serial_ice_g, serial_ice_m, serial_ice_k, serial_ice_h, serial_ice_o,
          serial_ice_n, serial_ice_a, serial_ice_e
D:13:     grunt_ministairs_8
D:14:     lightli_vaults_fourway_checkpoint,
          nicolae_gozag_cash_rules_everything_around_me, uniq_frances,
          uniq_roxanne
D:15:     hangedman_depths_entry_try_elsewhere_first,
          portal_ice_cave_entry_ice_statue_02, basic_altar, wad_hexagon
Temple:   corrupted_temple
Lair:1:   gammafunk_lair_bear_cave
Lair:2:   serial_bayou_ford_a, minivault_26
Lair:4:   minmay_snake_entry_six_corridors, infiniplex_staircase_pool_2
Lair:5:   swamp_mist, infiniplex_staircase_pool
Lair:6:   bh_chokoban, serial_bayou_crossing, lemuel_fruit_tree,
          bh_autumn_forest_stairs
Lair:7:   uniq_rupert
Lair:8:   evil_forest, slime_dummy
Swamp:1:  basic_altar
Swamp:2:  evilmike_swamp_ruin_house_3, swamp_pool1, nicolae_swamp_dense_foliage
Swamp:3:  hangedman_swamp_lotus, swamp_pool1, uniq_mara
Swamp:4:  swamp_icy
Snake:1:  uniq_josephine
Snake:2:  onia_ninara_swampy_vault
Snake:3:  serial_shops, nicolae_shop_behind_doors, uniq_aizul
Snake:4:  snake_pit
Orc:1:    minmay_goldmine, serial_shops, shop
Orc:3:    serial_shops, shop, shop_fountains, shop, shop, nicolae_shop_crystal,
          nicolae_volcano_entry_vermiform, nicolae_orc_pool_cavern, uniq_snorg
Orc:4:    st_orc_ogre_mass
Elf:1:    eino_elf_arrival_the_gate, orc_legates, uniq_louise, uniq_kirke,
          uniq_donald, uniq_asterion
Elf:2:    spider_trap, lemuel_elevator, uniq_azrael
Elf:3:    grunt_elf_hall_diamonds, uniq_jorgrun
Vaults:1: hangedman_vaults_locks, ontoclasm_vaults_eye, hangedman_vaults_nodes,
          v_misc_1, vaults_room_fancy_cross, v_misc_19, vaults_room_corners,
          vaults_room_stairs_pillars
Vaults:2: ontoclasm_vaults_fire_temple, nicolae_vaults_arrows,
          vaults_dpeg_hooks, minmay_crypt_entry_necro_gods, v_misc_9,
          grunt_vaults_hallway_short, ontoclasm_vaults_twist, v_pattern_1,
          v_misc_15, hangedman_vaults_river_flow, hangedman_vaults_cutoff,
          nicolae_vaults_what_the_h, serial_shops, shop_scrolls, uniq_nikola
Vaults:3: nicolae_vaults_rhombus_7, nicolae_vaults_little_squares_1,
          ontoclasm_vaults_shuriken, nicolae_vaults_little_squares_6, v_misc_8,
          v_misc_19, vaults_room_grid, st_cells, nicolae_vaults_alarming,
          v_misc_2, serial_shops, shop, uniq_saint_roka
Vaults:4: v_pattern_5, hangedman_vaults_hat, st_hourglassy,
          nicolae_vaults_border_crossing, ontoclasm_vaults_loading_screen,
          v_misc_26, v_misc_23, v_misc_15, grunt_vaults_hallway_long,
          vaults_room_pools, nicolae_vaults_little_squares_2,
          vaults_standard_mumra_enter_the_diamond, ontoclasm_vaults_fault,
          v_misc_26, v_misc_14
Vaults:5: serial_shops
Depths:1: grunt_hell_horde, lemuel_statue_altar
Depths:2: radiant_caverns_a_rkd, pan_entry, hell_entry
Depths:3: minmay_spriggan_fort, enter_ziggurat_c, serial_shops, bzr_entry_road,
          minmay_misc_feat_enclosed, hell_entry, rand_demon_pan_entry_5,
          uniq_sojobo
Depths:4: minmay_crescents, dk_noncrumbling_2, minmay_room_of_horrors,
          grunt_hell_entry_dis_grunt
Depths:5: evilmike_zot_entry_basic, serial_curves, eino_curves_04,
          eino_curves_01, pf_hell_entry_tar_spiral, serial_bayou_shore_a
Zot:2:    nicolae_zot_draconian_monastery
Bazaar:   bazaar_kb_twisted_cavern
Sewer:    sewer_big_baddie
IceCv:    ice_cave_caverns_02
Volcano:  volcano_grotto

Action                   |  1- 3 |  4- 6 |  7- 9 | 10-12 | 13-15 | 16-18 | 19-21 | 22-24 | 25-27 || total
-------------------------+-------+-------+-------+-------+-------+-------+-------+-------+-------++-------
Melee: War axe           |   143 |   124 |   378 |    31 |       |       |    14 |       |       ||   690
       Broad axe         |       |       |       |   506 |   975 |  1311 |  1528 |  1723 |  1922 ||  7965
Throw: Javelin           |       |       |       |       |       |    12 |       |    14 |       ||    26
 Cast: Repel Missiles    |       |       |       |       |       |       |       |     3 |     8 ||    11
Invok: Heroism           |       |       |     1 |     5 |     7 |     9 |     9 |    10 |     9 ||    50
       Finesse           |       |       |       |     2 |     5 |     6 |     6 |     6 |     3 ||    28
Evoke: Wand              |       |       |       |       |     1 |     4 |     4 |     9 |     1 ||    19
  Use: Scroll            |     5 |     5 |    12 |    12 |    12 |     8 |    15 |    14 |    16 ||    99
       Potion            |       |       |     4 |     3 |     1 |     1 |     3 |     8 |       ||    20
 Stab: Confused          |       |       |       |       |       |     2 |       |       |       ||     2
       Invisible         |       |       |       |       |       |       |       |     2 |       ||     2
  Eat: Chunk             |     1 |     2 |     9 |     9 |    12 |    13 |    14 |     6 |    15 ||    81
       Fruit             |       |     2 |     3 |     3 |     3 |       |     2 |    19 |     4 ||    36
       Beef jerky        |       |       |     4 |     1 |       |     1 |     2 |     1 |     2 ||    11
       Bread ration      |       |       |       |     1 |     1 |       |       |     3 |     6 ||    11
       Pizza             |       |       |       |     3 |       |       |       |       |       ||     3
       Meat ration       |       |       |       |       |     1 |     1 |       |     2 |     2 ||     6
       Royal jelly       |       |       |       |       |     1 |     8 |     9 |     1 |       ||    19
